 Dungeon Crawl Stone Soup version 0.30-a0-824-g6c64550be9 (webtiles) character file.

Game seed: 12867391707411803332

70 dialectric the Trooper (level 4, 0/35 HPs)
             Began as a Demonspawn Fighter on Feb 28, 2023.
             Slain by an iguana (5 damage)
             ... on level 3 of the Dungeon.
             The game lasted 00:01:15 (1191 turns).

dialectric the Trooper (Demonspawn Fighter)         Turns: 1191, Time: 00:01:15

Health: 0/35       AC: 12    Str: 18    XL:     4   Next: 4%
Magic:  4/4        EV:  7    Int: 10    God:
Gold:   136        SH:  0    Dex: 12    Spells: 3/3 levels left

rFire   . . .      SeeInvis .    a - +0 long sword
rCold   + . .      Faith    .    (no shield)
rNeg    . . .      Spirit   .    g - +1 chain mail {rC+}
rPois   .          Reflect  .    j - +2 hat
rElec   .          Harm     .    (no cloak)
rCorr   .          Rampage  .    (no gloves)
Will    .....                    (no boots) Stlth
                                 (no amulet)
HPRegen 0.25/turn                (no ring)
MPRegen 0.18/turn                (no ring)

@: no status effects
A: hooves 1, horns 1, magic regeneration
a: no special abilities


You were on level 3 of the Dungeon.
You visited 1 branch of the dungeon, and saw 3 of its levels.

You collected 136 gold pieces.

Inventory:

Hand Weapons
 a - a +0 long sword (weapon)
Armour
 b - a +0 scale mail
 c - a +0 buckler
 g - a +1 chain mail of cold resistance (worn)
 j - a +2 hat (worn)
Scrolls
 f - a scroll of identify {unknown}
 i - a scroll of torment {unknown}
 k - 2 scrolls of immolation {unknown}
 l - a scroll of enchant armour {unknown}
 n - a scroll of poison {unknown}
 o - a scroll of brand weapon {unknown}
Potions
 d - a potion of might
 e - 3 potions of lignification {unknown}
 h - a potion of ambrosia {unknown}
 m - 3 potions of curing {unknown}
 p - a potion of attraction {unknown}


   Skills:
 + Level 3.5 Fighting
 + Level 2.5 Long Blades
 * Level 3.3 Armour
 + Level 0.2 Dodging
 + Level 3.0 Shields


You had 3 spell levels left.
You didn't know any spells.
Your spell library was empty.

Dungeon Overview and Level Annotations

Branches:
Dungeon (3/15)

Altars:


Innate Abilities, Weirdness & Mutations

You have large cloven feet.
You have a pair of small horns on your head.
You regenerate magic rapidly.


Message History

You open the door.
There is an open door here.
You now have 136 gold pieces (gained 3).
You open the door.
An iguana comes into view.
The iguana hisses angrily.
There is an open door here.
An iguana is nearby!
An iguana is nearby!
You hit the iguana but do no damage. You kick the iguana, but do no damage.
You headbutt the iguana.
The iguana is lightly wounded.
The iguana bites you but does no damage.
You closely miss the iguana. You kick the iguana.
The iguana is lightly wounded.
The iguana bites you.
You hit the iguana but do no damage.
You headbutt the iguana, but do no damage.
The iguana is lightly wounded.
The iguana closely misses you.
You hit the iguana. Your headbutt misses the iguana.
The iguana is moderately wounded.
The iguana bites you! The iguana bites you.
You are too injured to fight recklessly!
You are too injured to fight recklessly!
You are too injured to fight recklessly!
You are too injured to fight recklessly!
You are too injured to fight recklessly!
You are too injured to fight recklessly!
You barely miss the iguana. Your kick misses the iguana.
The iguana is moderately wounded.
The iguana bites you!
* * * LOW HITPOINT WARNING * * *
You hit the iguana.
The iguana is moderately wounded.
The iguana bites you but does no damage.
You closely miss the iguana.
The iguana is moderately wounded.
The iguana bites you.
You die...

#...........##.
########.#####.
#.# #. ### #.# #.
..# #.#####. #.#
#....... #.#
#######. #l# #.#
#. ###@####.# ###.
#.....##.# #...
#.....##.# #...
#.....##.# #...
#^....##.# #...
###.####.# #...
#.# ##.########...
#.###.............
#........#########


You could see an iguana.

Vanquished Creatures
  3 adders (D:2)
  A dart slug (D:1)
  2 bats
  2 endoplasms (D:1)
  5 giant cockroaches
  4 goblins
  3 hobgoblins (D:1)
  4 jackals (D:2)
  4 kobolds
  A quokka (D:1)
  A ball python (D:2)
  3 frilled lizards
  6 rats
39 creatures vanquished.

Notes
Turn   | Place    | Note
-------+----------+-------------------------------------------
     0 | D:1      | dialectric the Demonspawn Fighter began the quest for the
                  | Orb.
     0 | D:1      | Reached XP level 1. HP: 18/18 MP: 1/1
   270 | D:1      | Gained mutation: You regenerate magic rapidly. [demonic
                  | ancestry]
   270 | D:1      | Reached XP level 2. HP: 21/24 MP: 2/2
   620 | D:2      | Discovered your monstrous ancestry.
   620 | D:2      | Gained mutation: You have a pair of small horns on your
                  | head. [demonic ancestry]
   620 | D:2      | Reached XP level 3. HP: 29/29 MP: 3/3
   808 | D:2      | Gained mutation: You have large cloven feet. [demonic
                  | ancestry]
   808 | D:2      | Reached XP level 4. HP: 35/35 MP: 4/4
  1191 | D:3      | Slain by an iguana

Illustrated notes

Levels and vault maps discovered:
D:1:      tarquinn_simple_flora_water_e, layout_basic
D:2:      layout_rooms
D:3:      layout_basic, mainiacjoe_overflow_tiny_flanked, serial_shops,
          nicolae_shop_crystal

Skill      XL: |  1  2  3 |
---------------+----------+-----
Armour         | 3 |  3.3
Long Blades    | 2 |  2.5
Shields        | 3 |  3.0
Fighting       | |  3.5
Dodging        | |  0.2

Action                     |  1- 3 |  4- 6 || total
---------------------------+-------+-------++-------
  Melee: Long sword        |   105 |    10 ||   115
         Punch             |     3 |       ||     3
         Headbutt          |     7 |     3 ||    10
         Kick              |       |     2 ||     2
 Armour: Chain mail        |   114 |     6 ||   120
  Dodge: Dodged            |    46 |     2 ||    48

Table legend: (Time is in decaauts)
 A = Elapsed time spent in this place.
 B = Non-inter-level travel time spent in this place.
 C = Inter-level travel time spent in this place.
 D = Time resting spent in this place.
 E = Time spent auto-exploring this place.
 F = Levels seen in this place.
 G = Mean time per level.
                   A        B        C        D        E       F      G
               +--------+--------+--------+--------+--------+-----+--------+
         Total |   1224 |   1186 |     38 |      0 |    869 |   3 |  408.0 |
       Dungeon |   1224 |   1186 |     38 |      0 |    869 |   3 |  408.0 |
               +--------+--------+--------+--------+--------+-----+--------+

Top non-repeatable levels by time:
     D:1: 614 daAuts
     D:2: 442 daAuts
     D:3: 167 daAuts
